[Event "*** SCC Grand Prix: Titled Tuesday Blitz"]
[Site "Chess.com"]
[Date "2020.08.25"]
[Round "5"]
[White "Grootneus"]
[Black "Shuvalov"]
[Result "0-1"]
[WhiteElo "2178"]
[BlackElo "2401"]
[TimeControl "180+1"]
[EndTime "10:57:29 PDT"]
[Termination "Shuvalov won on time"]

1. e4 e6 2. d4 d5 3. Nc3 Bb4 4. Ne2 dxe4 5. a3 Bxc3+ 6. Nxc3 Nc6 7. Bb5 Ne7 8. Be3 O-O 9. Qd2 f5 10. O-O-O a6 11. Bxc6 Nxc6 12. f3 exf3 13. gxf3 Na5 14. Rhg1 Nc4 15. Qg2 Rf7 16. Bf4 Qh4 17. Bg5 Qh5 18.
d5 e5 19. Qe2 b5 20. d6 cxd6 21. Nd5 Kf8 22. b3 Nxa3 23. Nb6 Bb7 24. Rxd6 Re8 25.
Nd7+ Kg8 26. Nf6+ gxf6 27. Bxf6+ Kf8 28. Qg2 Qg6 29. Qf2 Qh6+ 30. Bg5 Qxd6 31. Qh4 Re6 32.
Rd1 Qc5 33. Rd8+ Kg7 0-1

[Event "*** SCC Grand Prix: Titled Tuesday Blitz"]
[Site "Chess.com"]
[Date "2020.08.25"]
[Round "5"]
[White "GameOverBro"]
[Black "x-0414717230"]
[Result "0-1"]
[WhiteElo "2438"]
[BlackElo "2714"]
[TimeControl "180+1"]
[EndTime "10:57:31 PDT"]
[Termination "x-0414717230 won by resignation"]

1. e4 c5 2. Ne2 d6 3. g3 g6 4. Bg2 Bg7 5. c3 e5 6. d4 cxd4 7. cxd4 exd4 8. Nxd4 Ne7 9. Nc3 O-O 10. O-O a6 11. Be3 Nbc6 12. Rc1 Bd7 13. Qd2 Ne5 14.
Bg5 Rc8 15. Nd5 f6 16. Rxc8 Bxc8 17. Bh6 Nxd5 18. exd5 Bxh6 19. Qxh6 Qb6 20. Ne6 Rf7 21. Rc1 Bd7 22. Bh3 Qxb2 23. Qe3 Qxa2 24. Bg2 Bxe6 25. dxe6 Qxe6 26. Qd4 Kg7 27. Bd5 Qe7 28. Kg2 Rf8 29.
Qb6 Rd8 30. Rc7 Rd7 31. Rc8 f5 32. Rg8+ Kh6 33. h4 Ng4 34. Qd4 Qe5 35. Qd2+ f4 36. Bf3 Nf6 37. Rf8 Kg7 38. Rc8 fxg3 39. fxg3 Re7 40. Qc2 b5 41. Qa2 Qe6 42. Qxa6 Ng4 43. Qa1+ Qf6 44. Qf1 Ne3+ 0-1

[Event "*** SCC Grand Prix: Titled Tuesday Blitz"]
[Site "Chess.com"]
[Date "2020.08.25"]
[Round "5"]
[White "Evandro_Barbosa"]
[Black "Semen_Khanin"]
[Result "0-1"]
[WhiteElo "2551"]
[BlackElo "2774"]
[TimeControl "180+1"]
[EndTime "10:57:32 PDT"]
[Termination "Semen_Khanin won by resignation"]

1. e4 e5 2. Nf3 Nc6 3. Bb5 a6 4. Ba4 b5 5. Bb3 g6 6. O-O Bg7 7.
c3 Nge7 8. d4 exd4 9. cxd4 Na5 10. Bc2 d6 11. Nbd2 O-O 12. Re1 Bb7 13. Nf1 Qd7 14.
b3 c5 15. Be3 Nac6 16. Qd2 Rac8 17. Rad1 cxd4 18. Bh6 Ne5 19. Nxd4 N7c6 20. Bxg7 Kxg7 21.
Ne3 Kg8 22. f4 Nxd4 23. Qxd4 Ng4 24. Bb1 Nxe3 25. Rxe3 Qg4 26. Rf3 Rfe8 27. h3 Qh4 28. Kh2 Re6 29. g3 Qe7 30. Re3 Re8 31. Rde1 h5 32.
b4 Qc7 33. R1e2 R6e7 34. Bc2 Qc4 35. Rd2 Bxe4 36. Qxc4 bxc4 37. Ba4 Rd8 38. Rd4 d5 39. Bc6 f5 40. a4 Rc7 41. b5 axb5 42. Bxb5 c3 43.
Re1 c2 44. Rc1 Rb8 45. Kg1 Rc3 46. Kf2 Rf3+ 47. Ke2 Rxg3 48. Bc6 Rg2+ 49. Ke3 Rb3+ 0-1

[Event "*** SCC Grand Prix: Titled Tuesday Blitz"]
[Site "Chess.com"]
[Date "2020.08.25"]
[Round "5"]
[White "Schachmalanders"]
[Black "IngOscarArdila"]
[Result "1-0"]
[WhiteElo "2345"]
[BlackElo "2188"]
[TimeControl "180+1"]
[EndTime "10:57:32 PDT"]
[Termination "Schachmalanders won by resignation"]

1. e4 e5 2. Nf3 Nf6 3. Nxe5 d6 4. Nf3 Nxe4 5. Nc3 Nf6 6. d4 Be7 7. Bd3 O-O 8. Bg5 Nbd7 9. Qd2 Re8 10. O-O-O Nf8 11. h4 Bg4 12. Rde1 Qd7 13. h5 h6 14. Bf4 Bf5 15. Kb1 Bxd3 16. Qxd3 Qg4 17. Bc1 Nxh5 18.
Nd5 Ne6 19. Nxe7+ Rxe7 20. Rh4 Qxg2 21. Rxh5 Nc5 22. dxc5 Rxe1 23. Nxe1 Qxf2 24. Nf3 dxc5 25.
Ng5 Re8 26. Qh7+ Kf8 27. Qh8+ Ke7 28. Qxg7 hxg5 29. Rxg5 Kd7 30. Rd5+ Kc6 31. Rd1 Re2 32. Qh6+ Kb5 33. Rd2 c6 34. Rxe2 Qxe2 35. Qf6 Qc4 36. b3 Qe6 37. Qd8 c4 38. a4+ Ka6 39. Bd2 b6 40. b4 Kb7 41. Bc3 f5 42. Kb2 f4 43.
Qf8 Qd6 44. Qxd6 1-0

[Event "*** SCC Grand Prix: Titled Tuesday Blitz"]
[Site "Chess.com"]
[Date "2020.08.25"]
[Round "5"]
[White "RenarddesSurfaces"]
[Black "Arseniy_Nesterov"]
[Result "1-0"]
[WhiteElo "2557"]
[BlackElo "2740"]
[TimeControl "180+1"]
[EndTime "10:57:34 PDT"]
[Termination "RenarddesSurfaces won on time"]

1. e4 e5 2. Nf3 Nc6 3. d4 exd4 4. Nxd4 Bc5 5. Be3 Qf6 6. c3 Nge7 7. g3 O-O 8. Bg2 Bb6 9. O-O d6 10. Na3 Rd8 11. Nc4 d5 12. Nxb6 axb6 13. Qf3 Nxd4 14. Bxd4 Qxf3 15. Bxf3 c5 16. Be5 Bh3 17. Rfe1 dxe4 18.
Bxe4 Nc6 19. Bc7 Rd2 20. Bxb6 Rxb2 21. Bxc5 h5 22. Reb1 Raxa2 23. Rxa2 Rxa2 24. Rxb7 g5 25. f4 Ra1+ 26. Kf2 Ra5 27. Be3 Ra2+ 28. Ke1 Bg4 29. Bd3 Ra1+ 30. Kd2 Ra2+ 31. Kc1 gxf4 32. gxf4 Rxh2 33.
Bb5 Na5 34. Rb8+ 1-0

[Event "*** SCC Grand Prix: Titled Tuesday Blitz"]
[Site "Chess.com"]
[Date "2020.08.25"]
[Round "5"]
[White "Matveev_Vladimir"]
[Black "Sychev_Klementy"]
[Result "0-1"]
[WhiteElo "2535"]
[BlackElo "2762"]
[TimeControl "180+1"]
[EndTime "10:57:34 PDT"]
[Termination "Sychev_Klementy won by resignation"]

1. d4 Nf6 2. c4 g6 3. Nc3 d5 4. cxd5 Nxd5 5. e4 Nxc3 6. bxc3 Bg7 7. Bg5 c5 8. Rc1 O-O 9. d5 Qd6 10. Nf3 Bg4 11. Be2 Nd7 12. O-O Bxf3 13. Bxf3 c4 14.
g3 b5 15. Qd2 Nc5 16. Rb1 a6 17. Bg2 Na4 18. Rbc1 Qa3 19. e5 Bxe5 20. d6 exd6 21.
Bxa8 Rxa8 22. Bf4 Bxc3 23. Qd5 Rd8 24. Rc2 Bf6 25. Re1 Qc5 26. Qb7 d5 27. Rce2 Qc8 28.
Qa7 d4 29. Bc7 Rf8 30. Bd6 d3 31. Bxf8 dxe2 32. Bb4 Qe8 33. Qe3 Qxe3 34. fxe3 Bc3 35. Bxc3 Nxc3 36. a3 a5 37. Kf2 b4 38. axb4 axb4 39.
Rb1 Nxb1 0-1

[Event "*** SCC Grand Prix: Titled Tuesday Blitz"]
[Site "Chess.com"]
[Date "2020.08.25"]
[Round "5"]
[White "Kotofeyca"]
[Black "MichailovM"]
[Result "1-0"]
[WhiteElo "2339"]
[BlackElo "2476"]
[TimeControl "180+1"]
[EndTime "10:57:34 PDT"]
[Termination "Kotofeyca won by resignation"]

1. d4 Nf6 2. c4 g6 3. f3 Bg7 4. e4 d6 5. Nc3 O-O 6. Be3 Nbd7 7. Nh3 c5 8. d5 a6 9. Qd2 b5 10. cxb5 Qa5 11. Nf2 axb5 12. Nxb5 Ne8 13. Qxa5 Rxa5 14. Bd2 Bxb2 15. Rb1 Rxa2 16. Bc4 Ra1 17.
Ke2 Rxb1 18. Rxb1 Bg7 19. Na7 Nef6 20. Nc6 Re8 21. g4 h5 22. g5 Nh7 23. Rb3 Ne5 24. Bb5 Bd7 25. f4 Ng4 26. Nxg4 hxg4 27.
Ba4 f5 28. Rb7 Nf8 29. e5 dxe5 30. fxe5 Bxe5 31. Nxe5 Bxa4 32. Kd3 Bd1 33. Kc4 Be2+ 34. Kxc5 Rc8+ 35. Kd4 Re8 36. Bb4 Nh7 37. Bxe7 f4 38.
Bf6 Nxf6 39. gxf6 Rd8 40. f7+ Kf8 41. Nxg6+ Kg7 42. f8=Q+ Kxg6 43. Qxd8 1-0

[Event "*** SCC Grand Prix: Titled Tuesday Blitz"]
[Site "Chess.com"]
[Date "2020.08.25"]
[Round "5"]
[White "pavelalexandru07"]
[Black "MarceloPlaya"]
[Result "0-1"]
[WhiteElo "2209"]
[BlackElo "2372"]
[TimeControl "180+1"]
[EndTime "10:57:35 PDT"]
[Termination "MarceloPlaya won on time"]

1. e4 e6 2. d4 d5 3. Nc3 Bb4 4. e5 c5 5. a3 Bxc3+ 6. bxc3 Ne7 7. Qg4 Qc7 8. Qxg7 Rg8 9. Qxh7 cxd4 10. Ne2 Nbc6 11. f4 dxc3 12. Qd3 Bd7 13. h4 O-O-O 14.
h5 d4 15. h6 Ng6 16. h7 Rh8 17. g4 Nce7 18. Bg2 Bc6 19. Bxc6 Qxc6 20. Rh2 Nd5 21. Kf2 Kb8 22. Qe4 Qb6 23. Kf3 d3 24. cxd3 c2 25. f5 exf5 26. gxf5 Nge7 27. Nf4 Qb1 28. Qd4 Nxf4 29.
Qxf4 Qxa1 30. e6+ Ka8 31. exf7 Nd5 32. Qd2 Qd4 33. f6 Qb6 34. Kg4 Qxf6 0-1

[Event "*** SCC Grand Prix: Titled Tuesday Blitz"]
[Site "Chess.com"]
[Date "2020.08.25"]
[Round "5"]
[White "giantslayer83"]
[Black "albi1999"]
[Result "0-1"]
[WhiteElo "2709"]
[BlackElo "2544"]
[TimeControl "180+1"]
[EndTime "10:57:36 PDT"]
[Termination "albi1999 won on time"]

1. c4 e5 2. Nc3 Bb4 3. Nd5 Bc5 4.
Nf3 c6 5. Nc3 d6 6. e3 Bb4 7.
Qc2 f5 8. d4 e4 9. Nd2 Nf6 10.
a3 Ba5 11. b4 Bc7 12. Bb2 d5 13. cxd5 cxd5 14. Nb5 Bb6 15. Nd6+ Ke7 16. Nxc8+ Qxc8 17. Qb3 Qe6 18. a4 Nbd7 19. Ba3 Bc7 20. Nb1 f4 21. Nc3 fxe3 22. fxe3 Rac8 23. O-O-O Bd6 24. Kb1 Nb6 25.
Nb5 Bb8 26. h3 Nc4 27. Bc1 Rc6 28. Na3 Rhc8 29. b5 R6c7 30. g4 h6 31. Rh2 Rd7 32.
Rc2 Rdc7 33. Qb4+ Kf7 34. Rf2 Kg8 35. Be2 Rd7 36. Qb3 Bd6 37. Nc2 Rdc7 0-1

[Event "*** SCC Grand Prix: Titled Tuesday Blitz"]
[Site "Chess.com"]
[Date "2020.08.25"]
[Round "5"]
[White "pirulillo"]
[Black "Dr_crypt"]
[Result "0-1"]
[WhiteElo "2175"]
[BlackElo "2377"]
[TimeControl "180+1"]
[EndTime "10:57:36 PDT"]
[Termination "Dr_crypt won by checkmate"]

1. e4 d5 2. exd5 Qxd5 3. Nc3 Qd6 4. d4 Nf6 5. Bc4 c6 6. Nf3 Bg4 7. h3 Bxf3 8. Qxf3 Qxd4 9. Bb3 e6 10. Be3 Qd8 11.
Rd1 Nbd7 12. O-O Be7 13. g4 O-O 14. g5 Nd5 15. Ne4 Qc7 16. h4 Nxe3 17. fxe3 Nc5 18. c3 Rad8 19. Bc2 Nxe4 20. Qxe4 Qg3+ 21. Kh1 g6 22.
Rxd8 Rxd8 23. Qf4 Qh3+ 24. Kg1 Rd2 25. Rf2 Rxf2 26. Kxf2 Kg7 27. Qe5+ f6 28. gxf6+ Bxf6 29. Qc7+ Kh6 30. Qf4+ Kg7 31. Qc7+ Kf8 32. Qc8+ Kf7 33. Qc7+ Be7 34. Qf4+ Ke8 35. Qb8+ Bd8 36. Qf4 Qxh4+ 37. Qxh4 Bxh4+ 38. Kf3 Ke7 39. Kg4 Bf2 40. e4 Kf6 41.
Bb3 h5+ 42. Kf3 Bh4 43. Bc4 g5 44. b4 g4+ 45. Ke2 Bg5 46. a4 h4 47. a5 h3 48.
Kf1 Ke5 49. Be2 Kf4 50. c4 Kg3 51. Kg1 Be3+ 52. Kh1 Kh4 53. b5 cxb5 54. cxb5 g3 55. Bf3 e5 56. Bg2 hxg2+ 57. Kxg2 Kg4 58. a6 bxa6 59. Kh1 Kh3 60. bxa6 g2# 0-1

[Event "*** SCC Grand Prix: Titled Tuesday Blitz"]
[Site "Chess.com"]
[Date "2020.08.25"]
[Round "5"]
[White "CHESSMASTER759"]
[Black "topotun"]
[Result "1-0"]
[WhiteElo "2543"]
[BlackElo "2703"]
[TimeControl "180+1"]
[EndTime "10:57:37 PDT"]
[Termination "CHESSMASTER759 won by resignation"]

1. e4 c5 2. c3 d5 3. exd5 Qxd5 4. Nf3 Nf6 5. Na3 Nc6 6. Bc4 Qd8 7. O-O e6 8. Qe2 a6 9. Rd1 b5 10. Bb3 c4 11. Bc2 Bxa3 12. bxa3 O-O 13. d4 cxd3 14. Bxd3 Qc7 15. Bg5 Nd5 16. Rac1 h6 17. Bd2 Na5 18.
c4 Nxc4 19. Bxc4 bxc4 20. Rxc4 Qe7 21. Ne5 Bb7 22. Bxh6 gxh6 23. Qh5 Kh7 24. Rh4 Qf6 25. Ng4 Qg6 26. Qe5 h5 27. Rxh5+ Qxh5 28. Qxh5+ Kg7 29. Qh6+ Kg8 30. Qg5+ Kh8 31. Rd4 Rac8 32. h3 f5 33. Ne5 Rc7 34. Rh4+ Rh7 35. Ng6+ 1-0

[Event "*** SCC Grand Prix: Titled Tuesday Blitz"]
[Site "Chess.com"]
[Date "2020.08.25"]
[Round "5"]
[White "rdclayton"]
[Black "tylityli"]
[Result "0-1"]
[WhiteElo "2324"]
[BlackElo "2204"]
[TimeControl "180+1"]
[EndTime "10:57:37 PDT"]
[Termination "tylityli won by resignation"]

1. e4 e5 2. Nf3 Nc6 3. Bb5 a6 4. Ba4 Nf6 5. O-O b5 6. Bb3 Be7 7. Re1 O-O 8. h3 d6 9. c3 Be6 10. d4 Bxb3 11. Qxb3 exd4 12. cxd4 d5 13. e5 Ne4 14.
Nc3 Nxc3 15. bxc3 Na5 16. Qc2 Nc4 17. Bf4 h6 18. e6 Bd6 19. Qf5 Bxf4 20. e7 Qd6 21.
exf8=Q+ Rxf8 22. g3 Nd2 23. Nh2 Bg5 24. h4 Bd8 25.
Re3 Nc4 26. Re2 c5 27. Rae1 cxd4 28. cxd4 Bf6 29. Nf3 g6 30. Qd3 Kg7 31. Kg2 Qb4 32. h5 Nd6 33. hxg6 fxg6 34. Ne5 Nf5 35. g4 Qxd4 36.
Qxd4 Nxd4 37. Rd2 Ne6 38. Rd3 Nf4+ 39. Kf3 Bxe5 40. Rxe5 Nxd3+ 41. Ke3 Nxe5 42. Kd4 Nxg4 43. Kxd5 0-1

[Event "*** SCC Grand Prix: Titled Tuesday Blitz"]
[Site "Chess.com"]
[Date "2020.08.25"]
[Round "5"]
[White "Alexander_Moskalenko"]
[Black "Parhamov"]
[Result "0-1"]
[WhiteElo "2774"]
[BlackElo "3015"]
[TimeControl "180+1"]
[EndTime "10:57:38 PDT"]
[Termination "Parhamov won by resignation"]

1. c4 e5 2. Nc3 Bb4 3. Qc2 Nf6 4.
Nf3 Nc6 5. e3 a5 6. Be2 O-O 7. O-O Re8 8. d3 d5 9. cxd5 Nxd5 10. a3 Bf8 11. Nxd5 Qxd5 12. Bd2 Bg4 13. h3 Bh5 14. Rac1 Rad8 15. Rfd1 Qb5 16. Bc3 Qb6 17.
Rb1 h6 18. b4 axb4 19. axb4 f6 20. Nh4 Bf7 21. b5 Ne7 22. d4 Nd5 23. dxe5 Nxc3 24. Qxc3 Rxd1+ 25. Rxd1 Rxe5 26. Nf3 Rc5 27. Qa1 c6 28. bxc6 bxc6 29. Rd7 Ra5 30. Qc1 Qc5 31. Qxc5 Rxc5 32. Nd4 Rc1+ 33. Kh2 c5 34. Nc6 Rc2 35.
Bf3 Rxf2 36. Rd8 Be6 37. Ne7+ Kf7 38. Nc6 g6 39. Ra8 Bd6+ 40. Kg1 Ra2 41. Ra7+ Rxa7 42. Nxa7 c4 43. Nb5 Be5 0-1

[Event "*** SCC Grand Prix: Titled Tuesday Blitz"]
[Site "Chess.com"]
[Date "2020.08.25"]
[Round "5"]
[White "Harsha_Bharathakoti"]
[Black "Chernobay_Artem"]
[Result "1-0"]
[WhiteElo "2822"]
[BlackElo "2567"]
[TimeControl "180+1"]
[EndTime "10:57:38 PDT"]
[Termination "Harsha_Bharathakoti won on time"]

1. d4 g6 2. c4 Bg7 3. Nc3 d6 4. e4 e5 5. d5 Ne7 6. Bd3 O-O 7. Nge2 a5 8. O-O Nd7 9. Bc2 f5 10. exf5 gxf5 11. f4 e4 12. Be3 Nf6 13. h3 c5 14.
dxc6 bxc6 15. Qd2 Be6 16. Rad1 Bxc4 17. Qxd6 Nfd5 18. Qe6+ Kh8 19. Bd4 Bxd4+ 20. Rxd4 Rf6 21. Qxf6+ Nxf6 22. Rxd8+ Rxd8 23. Rd1 Rxd1+ 24. Bxd1 Ned5 25. Nd4 Nxf4 26. Nxf5 N4d5 27. Bb3 Bxb3 28. axb3 Kg8 29. Nd4 Nb4 30. Kf2 Kf7 31. Ke3 c5 32. Ndb5 Nc2+ 33.
Kf4 e3 34. Nd6+ Ke6 35. Nc4 Nd4 36. Kxe3 Nxb3 37. Kd3 Nh5 38. Ne2 a4 39. g4 Nf6 40.
Nf4+ Kf7 41. g5 Nd7 42. Ke4 1-0

[Event "*** SCC Grand Prix: Titled Tuesday Blitz"]
[Site "Chess.com"]
[Date "2020.08.25"]
[Round "5"]
[White "AungTZ"]
[Black "profofchess"]
[Result "0-1"]
[WhiteElo "2131"]
[BlackElo "2422"]
[TimeControl "180+1"]
[EndTime "10:57:38 PDT"]
[Termination "profofchess won by checkmate"]

1. e4 e6 2. d4 d5 3. Nc3 Bb4 4. exd5 exd5 5. Bd3 Nc6 6. Ne2 Nf6 7.
O-O O-O 8. h3 h6 9. Bf4 Ne7 10.
Ng3 Ng6 11. Be3 Be6 12. Re1 Re8 13. Nh5 Ne4 14. Bxe4 dxe4 15. d5 Bxc3 16. dxe6 Bxe1 17. exf7+ Kxf7 18. Qxe1 Qd5 19. Ng3 Rad8 20. Qe2 Kg8 21. Qg4 Kh7 22. c3 Qe6 23. Qe2 Rd7 24. Re1 Qxa2 25. Bd4 a5 26. Qg4 Qe6 27. Qh5 Rd5 28.
Qe2 Nf4 29. Qc2 Qg6 30. Qb3 c6 31. Qxb7 Ne6 32. Be3 h5 33. Ne2 h4 34. Qxc6 Qf5 35. Nd4 Nxd4 36. Bxd4 Rf8 37. Qb7 Rf7 38. Qb8 Rb5 39.
Qd8 Rxb2 40. Qxh4+ Kg8 41. Qd8+ Rf8 42. Qh4 a4 43. Rxe4 a3 44. Rg4 Rf7 45. Qd8+ Kh7 46. Rh4+ Kg6 47. Qd6+ Rf6 48. Rg4+ Kf7 49. Bxf6 gxf6 50.
Qc7+ Ke6 51. Qb6+ Rxb6 52. Re4+ Qxe4 53. h4 Qb1+ 54. Kh2 a2 55. h5 a1=Q 56. h6 Qh1+ 57. Kg3 Qxh6 58. Kf3 Qg5 59. Ke4 Qf5+ 60. Kd4 Qe5+ 61.
Kd3 Qf1+ 62. Kd2 Qee2# 0-1

[Event "*** SCC Grand Prix: Titled Tuesday Blitz"]
[Site "Chess.com"]
[Date "2020.08.25"]
[Round "5"]
[White "Gloomy_Wanderer"]
[Black "David_Paravyan"]
[Result "0-1"]
[WhiteElo "2766"]
[BlackElo "2986"]
[TimeControl "180+1"]
[EndTime "10:57:39 PDT"]
[Termination "David_Paravyan won by resignation"]

1. d4 Nf6 2. Nf3 g6 3. c4 Bg7 4. g3 c6 5. Bg2 d5 6. Nbd2 O-O 7. O-O Bf5 8. b3 Ne4 9. Bb2 Re8 10. h3 Nxd2 11. Nxd2 Na6 12. a3 Rc8 13. b4 Qd7 14. Kh2 h5 15. Rc1 Nc7 16. Qb3 e5 17. cxd5 cxd5 18.
dxe5 Bxe5 19. Bxe5 Rxe5 20. e3 Ree8 21. Rfd1 Red8 22. Qb2 Qe7 23. Nb3 Be4 24. Nd4 Bxg2 25. Kxg2 Qe4+ 26. Kh2 a6 27. Qd2 Ne8 28. f3 Qe5 29.
Kg2 Nd6 30. Qd3 Rxc1 31. Rxc1 Re8 32. Rc3 Qf6 33. Ne2 Nf5 34. Qd2 Qe5 35. Rd3 Nxe3+ 36. Kf2 Nc4 37. Qd1 Nb2 0-1

[Event "*** SCC Grand Prix: Titled Tuesday Blitz"]
[Site "Chess.com"]
[Date "2020.08.25"]
[Round "5"]
[White "lifeissofun"]
[Black "smshk35"]
[Result "1/2-1/2"]
[WhiteElo "2259"]
[BlackElo "2464"]
[TimeControl "180+1"]
[EndTime "10:57:40 PDT"]
[Termination "Game drawn by repetition"]

1. e4 c5 2. Nf3 e6 3. d4 cxd4 4. Nxd4 a6 5. c4 Nf6 6. Nc3 Bb4 7. Bd3 Nc6 8. Nxc6 dxc6 9. O-O e5 10. Bg5 h6 11. Bh4 O-O 12. Qc2 Be7 13. Rad1 Qc7 14. a3 a5 15. Kh1 Be6 16. Ne2 Rfd8 17. f4 exf4 18. Nxf4 Bg4 19. Rd2 g5 20. Bg3 gxf4 21.
Bxf4 Bd6 22. Bxh6 Be5 23. Rdf2 Qd6 24. Qc1 Nh7 25. Bb1 Bxh2 26. Rxf7 Be5 27. c5 Qg6 28.
Ba2 Qh5+ 29. Kg1 Bd4+ 30. R1f2 Kh8 31. Be3 Bxe3 32. Qxe3 Rd1+ 33. Rf1 Rad8 34. Qc3+ R1d4 35. Rxb7 Qe5 36. Qb3 Qxc5 37. Rxh7+ Kxh7 38. Qf7+ Kh8 39. Qf6+ Kh7 40. Qf7+ Kh8 41. Qf6+ Kh7 42. Qf7+ 1/2-1/2

[Event "*** SCC Grand Prix: Titled Tuesday Blitz"]
[Site "Chess.com"]
[Date "2020.08.25"]
[Round "5"]
[White "ErikBlomqvist"]
[Black "JoliyRoger"]
[Result "1-0"]
[WhiteElo "2520"]
[BlackElo "2369"]
[TimeControl "180+1"]
[EndTime "10:57:42 PDT"]
[Termination "ErikBlomqvist won by resignation"]

1. e4 c6 2. d4 d5 3. exd5 cxd5 4. Bd3 Nc6 5. c3 g6 6. Nf3 Nh6 7. O-O Bg7 8. Re1 O-O 9. h3 Bf5 10. Bf1 Rc8 11. Be3 f6 12. Nbd2 Nf7 13. Nb3 e5 14. Rc1 Kh8 15. a3 Re8 16. c4 dxc4 17. Bxc4 Nd6 18. Bf1 e4 19. Nfd2 Na5 20. Rxc8 Nxc8 21.
Nxa5 Qxa5 22. Qc2 Nb6 23. Rc1 Rc8 24. Qd1 Qd5 25. g4 Rxc1 26. Qxc1 Bd7 27. Qc5 h6 28.
Qxd5 Nxd5 29. Nxe4 Nxe3 30. fxe3 f5 31. gxf5 gxf5 32.
Nd6 Bc8 33. Nxc8 b6 34. Nd6 f4 35. Kf2 Bf8 36. Nf5 fxe3+ 37. Kxe3 Kg8 38. Ke4 Kf7 39. Bc4+ Kf6 40. a4 h5 41. b3 Bb4 42. Be2 Be1 43. Bxh5 Kg5 44. Bg4 Bb4 45. d5 a6 46. Ke5 Bc3+ 47.
Ke6 Bb4 48. d6 Bxd6 49. Nxd6 1-0

[Event "*** SCC Grand Prix: Titled Tuesday Blitz"]
[Site "Chess.com"]
[Date "2020.08.25"]
[Round "5"]
[White "kngopal"]
[Black "IMAghasiyevKamal"]
[Result "0-1"]
[WhiteElo "2268"]
[BlackElo "2432"]
[TimeControl "180+1"]
[EndTime "10:57:42 PDT"]
[Termination "IMAghasiyevKamal won by resignation"]

1. e4 c5 2. c4 Nc6 3. Nc3 g6 4. g3 Bg7 5. Bg2 d6 6. Nge2 Nf6 7. O-O O-O 8. d4 Bg4 9. f3 cxd4 10. Nxd4 Nxd4 11.
Qxd4 Be6 12. Qd3 Rc8 13. Nd5 Nd7 14. Qe2 Ne5 15. Bg5 f6 16. Be3 Nxc4 17. Bf2 f5 18.
Rac1 fxe4 19. fxe4 Ne5 20. Rxc8 Bxc8 21. Bxa7 Bg4 22.
Qe3 Rxf1+ 23. Kxf1 Qa5 24. Nxe7+ Kf7 25. Nd5 Qxa2 26. h3 Qa1+ 27. Kf2 Be6 28. Bd4 Qd1 29.
Nf4 Ng4+ 30. hxg4 Bxd4 31. Nxe6 Kxe6 32. Bf3 Qd2+ 33. Be2 Qxe3+ 0-1

[Event "*** SCC Grand Prix: Titled Tuesday Blitz"]
[Site "Chess.com"]
[Date "2020.08.25"]
[Round "5"]
[White "Gvetadze"]
[Black "Sacbutt"]
[Result "1-0"]
[WhiteElo "2403"]
[BlackElo "2192"]
[TimeControl "180+1"]
[EndTime "10:57:42 PDT"]
[Termination "Gvetadze won on time"]

1. Nf3 e6 2. g3 d5 3. Bg2 Nf6 4.
O-O Be7 5. d3 O-O 6. Nbd2 c5 7. e4 Nc6 8. Re1 dxe4 9. dxe4 Qc7 10. c3 b5 11. Qe2 b4 12. h4 a5 13. e5 Nd7 14. Qe4 Bb7 15. Qf4 Nb6 16. Qg4 Kh8 17.
Ne4 Nxe5 18. Nxe5 Qxe5 19. Bg5 f5 20. Qh3 fxe4 21. Bxe7 Rf7 22. Bg5 Raf8 23. Be3 bxc3 24. bxc3 Nd5 25. Bxc5 Nf4 26. gxf4 Qxc5 27. Qe3 Qf5 28.
Bxe4 Bxe4 29. Qxe4 Qg4+ 30. Qg2 Qxh4 31. Re3 Rxf4 32.
Rg3 g6 33. Rf1 Qh5 34. Rg5 Qh4 35. Rg3 Qh5 36. Qc6 Rh4 37. Re1 Qd5 38. Qxd5 exd5 39. Re5 Rhf4 40. Rg2 d4 41. cxd4 Rxd4 42. Rxa5 Rd1+ 43.
Kh2 Rd2 44. f3 Rxg2+ 45. Kxg2 Rc8 46. Ra7 Kg8 47. a4 Rc2+ 48. Kg3 h5 49. a5 Ra2 50. a6 Kf8 51. Kh4 Kg8 52. Kg5 Rg2+ 53. Kf6 h4 54. Rg7+ Kf8 55. a7 Ra2 56. Rh7 Kg8 57. Rb7 h3 58.
Rb8+ Kh7 59. a8=Q Rxa8 60. Rxa8 1-0

[Event "*** SCC Grand Prix: Titled Tuesday Blitz"]
[Site "Chess.com"]
[Date "2020.08.25"]
[Round "5"]
[White "annacramling"]
[Black "witcher8"]
[Result "1-0"]
[WhiteElo "2138"]
[BlackElo "2412"]
[TimeControl "180+1"]
[EndTime "10:57:42 PDT"]
[Termination "annacramling won on time"]

1. d4 Nf6 2. c4 g6 3. Nc3 Bg7 4. e4 d6 5. h3 O-O 6. Nf3 e5 7. d5 Nh5 8. g3 Na6 9. g4 Nf4 10.
Be3 f5 11. gxf5 gxf5 12. Rg1 Kh8 13. Ng5 fxe4 14. Bxf4 exf4 15. Qh5 Bf5 16. Nf7+ Rxf7 17. Qxf7 Qf8 18. Rxg7 Qxg7 19. Qxf5 Nc5 20. O-O-O Rf8 21.
Qh5 e3 22. fxe3 fxe3 23. Be2 Qg2 24.
Qg4 Qh2 25. Rg1 Qe5 26. Kb1 a6 27. h4 b5 28. cxb5 axb5 29. Nxb5 Ne4 30. Bd3 Nf2 31. Qe2 Qxd5 32. Nc3 Qxd3+ 33. Qxd3 Nxd3 34. Rd1 Ne5 35. Kc2 Rf2+ 36. Kb3 Kg7 37. Re1 Ng4 38. Nd5 1-0

[Event "*** SCC Grand Prix: Titled Tuesday Blitz"]
[Site "Chess.com"]
[Date "2020.08.25"]
[Round "5"]
[White "ChessBitl"]
[Black "GMKrikor"]
[Result "1-0"]
[WhiteElo "2508"]
[BlackElo "2705"]
[TimeControl "180+1"]
[EndTime "10:57:43 PDT"]
[Termination "ChessBitl won by checkmate"]

1. e4 g6 2. d4 Bg7 3. c4 d6 4. Nc3 Nc6 5. Be3 e5 6. d5 Nd4 7. Nge2 c5 8. dxc6 Nxc6 9. Nb5 Bf8 10. Nec3 a6 11. Na3 Nf6 12. f3 Be6 13. Be2 Rc8 14. Qd2 Be7 15. Nc2 O-O 16. Nd5 Bxd5 17. cxd5 Nb8 18.
O-O Nfd7 19. g4 f5 20. gxf5 gxf5 21. exf5 Nf6 22. Kh1 Kh8 23. Na3 b5 24. Rg1 Nbd7 25. Nc2 Rg8 26. Nb4 Nb8 27. Rxg8+ Qxg8 28. Rg1 Qf7 29. a3 Bd8 30. Rc1 Qb7 31. Bg5 Be7 32.
b3 Rc7 33. Kg2 Qc8 34. Rxc7 Qxc7 35. h4 Qc5 36. Bd3 a5 37. Nc6 Nxc6 38. dxc6 Qxc6 39. Bxf6+ Bxf6 40. Qh6 Bg7 41. Qe6 b4 42. f6 Bf8 43.
Qf7 Qc8 44. Qxh7# 1-0

[Event "*** SCC Grand Prix: Titled Tuesday Blitz"]
[Site "Chess.com"]
[Date "2020.08.25"]
[Round "5"]
[White "catzapto"]
[Black "Keures"]
[Result "0-1"]
[WhiteElo "2045"]
[BlackElo "2291"]
[TimeControl "180+1"]
[EndTime "10:57:43 PDT"]
[Termination "Keures won by resignation"]

1. e4 e6 2. d4 d5 3. Nd2 Nf6 4. e5 Ne4 5. Bd3 Nxd2 6. Bxd2 c5 7. c3 Qb6 8. Qb3 c4 9. Qxb6 axb6 10. Bb1 b5 11. f4 Nc6 12. Nf3 b4 13. O-O g6 14.
g4 h5 15. h3 hxg4 16. hxg4 b3 17. a3 Ne7 18. Kg2 Bd7 19. Rh1 Rxh1 20. Kxh1 Bg7 21. Nh4 Bh6 22. Kg2 Kf8 23. Kf3 Kg8 24. g5 Bg7 25. Kg4 Kh7 26. Be1 Bf8 27. Bd2 b5 28.
Nf3 Nc6 29. Ne1 Be7 30. Nf3 Kg7 31. Nh4 b4 32. cxb4 Bxb4 33. Bxb4 Nxb4 34. Ng2 Nc6 35. f5 gxf5+ 36. Kf4 Nxd4 37. Ne3 Rh8 38. Bxf5 Nxf5 39. Ng4 Rh4 40. a4 Ne3 41. Kf3 Nxg4 42. a5 Nxe5+ 43.
Kg3 Rh8 44. Kf4 Nd3+ 45. Ke3 Ra8 46. Kd4 Nxb2 47. Kc5 c3 48. Kd6 c2 49. Kxd7 Nc4 50.
a6 b2 51. Rg1 c1=Q 52. g6 Qxg1 0-1

[Event "*** SCC Grand Prix: Titled Tuesday Blitz"]
[Site "Chess.com"]
[Date "2020.08.25"]
[Round "5"]
[White "LiemLe"]
[Black "MarcoRiehle"]
[Result "1-0"]
[WhiteElo "2936"]
[BlackElo "2729"]
[TimeControl "180+1"]
[EndTime "10:57:44 PDT"]
[Termination "LiemLe won by resignation"]

1. d4 d5 2. Bf4 e6 3. e3 Bd6 4. Bxd6 Qxd6 5. c4 Nf6 6. Nc3 O-O 7. Nf3 a6 8. Rc1 dxc4 9. Bxc4 b5 10. Bd3 Bb7 11.
O-O Nbd7 12. Ng5 Rac8 13. Nce4 Qe7 14. Nxf6+ Nxf6 15. Qc2 h6 16. Nh7 Nxh7 17. Bxh7+ Kh8 18. Bd3 f5 19. Rfe1 Qg5 20. Bf1 Rf6 21. Qc5 Bd5 22. Qe7 c6 23. g3 Bxa2 24. Ra1 Bd5 25. Rxa6 Qg4 26. Bg2 Bxg2 27. Kxg2 Qe4+ 28. Kg1 Qc2 29. Qd7 Rg8 30. Rxc6 Qb3 31. Rb6 b4 32. Qe7 Qxb2 33.
Qxb4 Qc2 34. Qc5 Qe4 35. Qe5 Rc8 36. Qxe4 fxe4 37. Rb5 Rc2 38. Rf1 Rf5 39. Rxf5 exf5 40. Ra1 Rd2 41. h4 Kg8 42. Ra5 g6 43. h5 Kg7 44. Ra7+ Kf6 45. Ra6+ Kg7 46. Rxg6+ Kf7 47. Rxh6 1-0